AoeStats
← CNZS_carlar

African Clearing

510372442Analyzed
4v4 RM · 1d ago on Sep 30, 2026· 56m 21s· 8 players
Game mode
Random Map
Map size
Large (8 player)
Population
200
Speed
Normal
Resources
Standard
Victory
Conquest
Starting age
Dark Age
Ending age
Imperial Age
RankedLock teamsTeams togetherTeam positionsShared explorationLock speedFull tech treeHidden civsTurbo modeCheats
Victory
Defeat
🇨🇳 Japanese · China
1243
+11
🇹🇼 Varangians · Taiwan
1124
+16
🇨🇳 Maya · China
1099
+17
🇹🇼 Huns · Taiwan
1077
+18
🇫🇷 Malay · France
1216
-19
🇨🇿 Saxons · Czechia
1163
-17
🇦🇹 Turks · Austria
1069
-13
🇫🇷 Magyars · France
1063
-13
Gamer
12:00 Loom
14:14 Feudal Age
18:38 Castle Age
17:45 Double-Bit Axe
20:08 Bloodlines
28:33 Bow Saw
28:06 Horse Collar
29:46 Forging
30:59 Wheelbarrow
31:02 Husbandry
32:44 Hand Cart
33:48 Scale Barding Armor
34:21 Iron Casting
36:35 Imperial Age
34:10 Heavy Plow
34:45 Scale Mail Armor
34:36 Fletching
35:15 Pikeman
35:41 Gambesons
35:57 Squires
36:41 Cavalier
38:17 Conscription
39:14 Crop Rotation
40:41 Chain Barding Armor
41:22 Blast Furnace
40:03 Elite Varangian Guard
42:05 Gold Mining
42:05 Stone Mining
43:50 Two-Man Saw
44:45 Masonry
44:08 Halberdier
46:28 Hand Cart
46:03 Town Watch
46:36 Chain Mail Armor
46:28 Gothikon
49:50 Town Patrol
50:22 Plate Mail Armor
49:48 Bodkin Arrow
49:54 Padded Archer Armor
49:24 Vendel Legacy
56:01 Arson
57:22 Chemistry
56:28 Siege Engineers
56:44 Ballistics
Amork
15:28 Feudal Age
16:38 Double-Bit Axe
19:31 Castle Age
17:38 Gold Mining
18:57 Scale Barding Armor
19:07 Bloodlines
24:38 Bow Saw
29:30 Loom
30:29 Wheelbarrow
29:38 Horse Collar
37:12 Forging
38:23 Padded Archer Armor
38:14 Fletching
38:48 Elite Skirmisher
39:37 Thumb Ring
39:50 Town Watch
40:52 Bodkin Arrow
41:13 Leather Archer Armor
46:19 Imperial Age
48:24 Hand Cart
49:20 Stone Mining
53:53 Two-Man Saw
53:28 Bracer
53:44 Leather Archer Armor
55:07 Gold Shaft Mining
56:05 Ballistics
56:30 Conscription
CNZS_carlar
8:45 Loom
13:43 Feudal Age
19:09 Castle Age
21:08 Fletching
21:08 Fishing Lines
26:44 Padded Archer Armor
26:48 Double-Bit Axe
31:31 Gold Mining
32:25 Wheelbarrow
46:09 Imperial Age
47:24 Conscription
53:53 Bodkin Arrow
54:14 Leather Archer Armor
wuming
3:31 Loom
15:01 Feudal Age
21:09 Castle Age
19:20 Fishing Lines
19:54 Gold Mining
19:57 Double-Bit Axe
20:26 Horse Collar
20:49 Fletching
21:54 Bodkin Arrow
21:55 Gillnets
23:10 Padded Archer Armor
25:21 Wheelbarrow
24:32 Town Watch
26:22 Ballistics
27:56 Bloodlines
27:48 Husbandry
28:13 Thumb Ring
30:02 Leather Archer Armor
35:32 Imperial Age
35:15 Hand Cart
35:14 Bow Saw
36:28 Bracer
38:52 Chemistry
38:43 Conscription
39:56 Heavy Cavalry Archer
41:59 Parthian Tactics
44:05 Hand Cart
44:51 Two-Man Saw
44:28 Gold Shaft Mining
43:44 Stone Mining
50:41 Ring Archer Armor
56:10 Kataparuto
56:25 Hoardings
55:11 Elite Samurai
56:13 Town Patrol
56:25 Treadmill Crane
56:52 Siege Engineers
56:57 Masonry
57:00 Forging
Jumbo2_22
13:37 Feudal Age
14:13 Loom
18:38 Castle Age
16:42 Double-Bit Axe
18:54 Horse Collar
19:44 Heavy Plow
20:11 Forging
20:01 Scale Mail Armor
20:01 Man-at-Arms
20:26 Gambesons
20:41 Squires
20:27 Arson
24:46 Bow Saw
25:29 Fletching
25:41 Padded Archer Armor
27:02 Wheelbarrow
26:19 Elite Skirmisher
49:41 Hand Cart
49:53 Bodkin Arrow
55:05 Imperial Age
zarett
17:09 Feudal Age
18:26 Double-Bit Axe
21:10 Castle Age
20:21 Gold Mining
25:42 Imperial Age
26:20 Padded Archer Armor
29:08 Wheelbarrow
43:46 Fletching
44:31 Bodkin Arrow
45:44 Bracer
46:44 Bombard Tower
48:59 Artillery
TheAurelSan
10:55 Loom
13:32 Feudal Age
13:39 Double-Bit Axe
17:47 Fletching
22:34 Castle Age
21:56 Crossbowman
23:16 Wheelbarrow
39:57 Bow Saw
45:42 Imperial Age
44:38 Arbalester
44:52 Pikeman
46:10 Conscription
46:24 Hand Cart
47:48 Bodkin Arrow
49:23 Thumb Ring
50:03 Padded Archer Armor
senninha
9:38 Loom
12:20 Feudal Age
13:48 Double-Bit Axe
14:32 Scale Barding Armor
17:25 Bloodlines
19:08 Bloodlines
24:17 Castle Age
23:44 Town Watch
24:34 Wheelbarrow
24:25 Light Cavalry
26:04 Gold Mining
26:48 Pikeman
28:22 Scale Mail Armor
29:28 Horse Collar
29:47 Stone Mining
34:17 Husbandry
34:41 Chain Barding Armor
34:33 Bow Saw
35:00 Gold Shaft Mining
34:34 Heavy Plow
40:50 Imperial Age
39:23 Fletching
40:54 Cavalier
43:31 Two-Man Saw
43:31 Halberdier
44:40 Masonry
45:19 Chain Mail Armor
47:06 Plate Barding Armor
47:19 Paladin
48:33 Conscription
48:49 Hand Cart
50:29 Murder Holes
51:37 Corvinian Army
52:09 Crop Rotation
54:33 Hoardings
Connection lost

Rejoining the realm…

Still unreachable

The connection could not be restored.

Session expired

The server has moved on; the page needs a fresh start.